 Dungeon Crawl Stone Soup version 0.29-a0-234-g0dae59b3db (webtiles) character file.

Game seed: 17960796717526360320

449 esteth the Ruffian (level 6, 0/47 HPs)
             Began as a Demonspawn Abyssal Knight on Mar 2, 2022.
             Was a Believer of Lugonu.
             Killed from afar by Blork the orc (6 damage)
             ... with a puff of frost
             ... on level 4 of the Dungeon.
             The game lasted 00:06:29 (4921 turns).

esteth the Ruffian (Demonspawn Abyssal Knight)      Turns: 4921, Time: 00:06:29

Health: 0/47       AC:  8    Str: 14    XL:     6   Next: 74%
Magic:  0/7        EV:  6    Int: 13    God:    Lugonu [**....]
Gold:   188        SH:  0    Dex: 13    Spells: 5/5 levels left

rFire   . . .      SeeInvis .     - Unarmed
rCold   . . .      Faith    .   (no shield)
rNeg    . . .      Spirit   +   c - +0 chain mail
rPois   .          Reflect  .   (no helmet)
rElec   .          Harm     .   (no cloak)
rCorr   .          Rampage  .   (no gloves)
Will    .....                   (no boots)
Stlth   ..........              G - amulet of guardian spirit
HPRegen 0.15/turn               (no ring)
MPRegen 0.10/turn               (no ring)

@: no status effects
A: claws 2, demonic magic 1
a: Renounce Religion, Depart the Abyss, Bend Space


You were on level 4 of the Dungeon.
You worshipped Lugonu.
Lugonu was pleased with you.
You visited 1 branch of the dungeon, and saw 4 of its levels.
You visited the Abyss 1 time.

You collected 188 gold pieces.


Innate Abilities, Weirdness & Mutations

You have very sharp fingernails.
Spells you cast may paralyse adjacent enemies.


   Skills:
 - Level 3.0 Fighting
 - Level 1.7 Armour
 - Level 0.8 Dodging
 + Level 6.7 Unarmed Combat
 - Level 2.4 Invocations


You had 5 spell levels left.
You didn't know any spells.
Your spell library contained the following spells:

 Spells                   Type           Power      Damage    Failure   Level
 Sandblast                Erth           0%         2d4       100%        1
 Passwall                 Tmut/Erth      0%         N/A       100%        2
 Stone Arrow              Conj/Erth      0%         3d7       100%        3

Inventory:

Missiles
 b - 97 stones
 n - 3 atropa-tipped darts
Armour
 a - a +0 leather armour
 c - a +0 chain mail (worn)
   (You found it on level 1 of the Dungeon)
 d - a +1 animal skin
   (You took it off Robin on level 2 of the Dungeon)
 e - a +0 helmet
   (You took it off Robin on level 2 of the Dungeon)
 h - a +0 scale mail
   (You took it off Terence on level 2 of the Dungeon)
 i - a +0 chain mail
   (You found it on level 2 of the Dungeon)
 k - a +0 robe
   (You found it on level 2 of the Dungeon)
 l - a +0 leather armour
   (You took it off an orc on level 3 of the Dungeon)
 r - a +0 robe
   (You found it on level 3 of the Dungeon)
Jewellery
 G - an amulet of guardian spirit (around neck)
   (You found it on level 2 of the Dungeon)
Scrolls
 j - a scroll of teleportation {unknown}
 m - 6 scrolls of identify {unknown}
 q - 2 scrolls of magic mapping {unknown}
 t - a scroll of brand weapon {unknown}
 u - 2 scrolls of noise {unknown}
 v - a scroll of immolation {unknown}
 x - a scroll of vulnerability {unknown}
Potions
 f - 2 potions of cancellation
 g - 2 potions of resistance {unknown}
 o - a potion of brilliance {unknown}
 p - a potion of magic {unknown}
 s - 2 potions of might {unknown}
 w - a potion of lignification {unknown}

Dungeon Overview and Level Annotations

Branches:
Dungeon (4/15)
 Temple: D:4-7

Altars:
Okawaru

Shops:
D:3 [

Annotations:
D:4 Blork the orc

.....##.###..#
#....#.###..#
+....#......+
#....#......#
#....'......#
##########....#####..#
#...........##########
#...........#........#
#...........o@.......#..
#...........##.#######..
##'##....#'###>##.......
#..#....)...#..#.......
#..#....#...#).#.......
#####....#...#).#.......
#........#..#####.......
#........####.....#
#............o....#


You could see Blork the orc.


Message History

Things that are here:
a +0 short sword; a bullfrog corpse You now have 188 gold pieces (gained 10).
You open the door.
A scorpion comes into view. 😎 HP[+15] MP[+2]
Your hp is fully restored (47).
Your mp is fully restored (7).
The scorpion stings you.
The scorpion closely misses you. 😕 HP[-3]
You take 3 damage, and now have 44/47 hp.
You scratch the scorpion.
The scorpion stings you but does no damage.
You scratch the scorpion. The scorpion stings you!
You are poisoned.
The scorpion poisons you! 😕 HP[-6] MP[-2]
You take 6 damage, and now have 38/47 hp.
You lost 2 mp, and now have 5/7 mp.
You closely miss the scorpion.
You feel sick. The scorpion stings you. 😮 HP[-6]
You take 6 damage, and now have 32/47 hp.
You scratch the scorpion.
You feel sick.
The scorpion stings you! 😮 HP[-7] MP[-1]
You take 7 damage, and now have 25/47 hp.
You lost 1 mp, and now have 4/7 mp.
You completely miss the scorpion.
You feel sick.
The scorpion stings you but does no damage. 😮 HP[-1]
You take 1 damage, and now have 24/47 hp.
You completely miss the scorpion. You claw the scorpion.
You feel sick.
The scorpion stings you but does no damage. 😨 HP[-1]
You take 1 damage, and now have 23/47 hp.
You claw the scorpion!
You kill the scorpion!
Lugonu accepts your kill.
You feel sick. 😨 HP[-1]
You take 1 damage, and now have 22/47 hp.
You feel sick.
You see here a scorpion corpse. 😨 HP[-1]
You take 1 damage, and now have 21/47 hp.
You feel sick.
You are no longer poisoned.
Blork the orc comes into view.
He is wielding a +0 battleaxe.
Blork the orc shouts! 😎 HP[+26] MP[+3]
Your hp is fully restored (47).
Your mp is fully restored (7).
Blork the orc screams, "I'll decorate my home with your organs!"
Blork the orc gestures wildly while chanting.
Blork the orc seems to speed up.
Blork the orc miscasts a cantrip.
Blork the orc points at you and mumbles some strange words.
The puff of frost hits you. 😕 HP[-1]
You take 1 damage, and now have 46/47 hp.
Blork the orc points at you and mumbles some strange words.
The magic dart hits you. 😕 HP[-3]
You take 3 damage, and now have 43/47 hp.
Blork the orc casts a spell at you. The puff of frost hits you.
There is an open door here. 😕 HP[-4]
You take 4 damage, and now have 39/47 hp.
You scratch Blork the orc but do no damage.
You claw Blork the orc! Blork the orc barely misses you.
Blork the orc hits you with a +0 battleaxe! 😮 HP[-11] MP[-2]
You take 11 damage, and now have 28/47 hp.
MASSIVE DAMAGE!! (PAUSE)
You lost 2 mp, and now have 5/7 mp.
You closely miss Blork the orc.
Blork the orc hits you with a +0 battleaxe. 😮 HP[-2]
You take 2 damage, and now have 26/47 hp.
You scratch Blork the orc. Blork the orc barely misses you.
You closely miss Blork the orc. Blork the orc barely misses you.
Blork the orc hits you with a +0 battleaxe!
* * * LOW HITPOINT WARNING * * *
😨 HP[-12] MP[-3]
You take 12 damage, and now have 14/47 hp.
MASSIVE DAMAGE!! (PAUSE)
You lost 3 mp, and now have 2/7 mp.
You closely miss Blork the orc.
Blork the orc hits you with a +0 battleaxe. 😨 MP[-1]
You lost 1 mp, and now have 1/7 mp.
You scratch Blork the orc.
Blork the orc hits you but does no damage. 😨 HP[+1]
You claw Blork the orc!
Blork the orc is no longer moving quickly.
Blork the orc gestures at you while chanting.
The puff of flame hits you!
* * * LOW HITPOINT WARNING * * *
Blork the orc points at you and mumbles some strange words.
The puff of frost hits you!
You die...

Skill      XL: |  1  2  3  4  5  6 |
---------------+-------------------+-----
Unarmed Combat | 2 3 4 5 6 |  6.7
Fighting       | |  3.0
Armour         | |  1.7
Dodging        | |  0.8
Invocations    | |  2.4

Action                   |  1- 3 |  4- 6 || total
-------------------------+-------+-------++-------
Melee: Unarmed           |    94 |   167 ||   261
       Punch             |     4 |     9 ||    13
  Use: Potion            |     2 |       ||     2
Armor: Leather armour    |    10 |       ||    10
       Chain mail        |    24 |    81 ||   105
Dodge: Dodged            |    39 |    51 ||    90

Levels and vault maps discovered:
D:1:      lightli_arrival_statue_moat, layout_loops_cross, dk_noncrumbling_4,
          minmay_octomino_c4
D:2:      layout_basic, basic_altar, nicolae_ecumenical_pavilion, uniq_natasha,
          uniq_robin, uniq_terence
D:3:      minmay_angry_zag, layout_loops_ring, serial_shops, shop,
          nrook_loot_triangle, minmay_randomly_rotated_circles
D:4:      layout_gridville, uniq_sigmund, uniq_duvessa, uniq_blork_the_orc,
          uniq_eustachio

Notes
Turn   | Place    | Note
-------+----------+-------------------------------------------
     0 | Abyss:1  | esteth the Demonspawn Abyssal Knight began the quest for
                  | the Orb.
     0 | Abyss:1  | Reached XP level 1. HP: 18/18 MP: 2/2
     0 | Abyss:1  | magus.rc [v1.11.3]
    40 | D:1      | You pass through the gate.
    40 | D:1      | Escaped the Abyss
   269 | D:1      | Reached skill level 2 in Unarmed Combat
   380 | D:1      | You feel monstrous as your demonic heritage exerts itself.
   380 | D:1      | Discovered your monstrous ancestry.
   380 | D:1      | Gained mutation: You have sharp fingernails. [demonic
                  | ancestry]
   380 | D:1      | Reached XP level 2. HP: 21/24 MP: 3/3
   881 | D:1      | Reached skill level 3 in Unarmed Combat
  1036 | D:2      | Found a faded altar of an unknown god.
  1102 | D:2      | Reached XP level 3. HP: 23/29 MP: 4/4
  1122 | D:2      | HP: 7/29 [gnoll/+0 flail (7)]
  1128 | D:2      | HP: 4/29 [gnoll/+0 spear (4)]
  1147 | D:2      | HP: 3/29 [gnoll/+0 flail (2)]
  1245 | D:1      | HP: 7/29 [gnoll/+0 flail (4)]
  1945 | D:2      | Noticed Robin
  1948 | D:2      | Gained mutation: Spells you cast may paralyse adjacent
                  | enemies. [demonic ancestry]
  1948 | D:2      | Reached XP level 4. HP: 35/35 MP: 5/5
  1949 | D:2      | Reached skill level 4 in Unarmed Combat
  1969 | D:2      | Reached ** piety under Lugonu
  1977 | D:2      | Killed Robin
  2196 | D:2      | Noticed Natasha
  2205 | D:2      | Killed Natasha
  2423 | D:2      | Found an iron altar of Okawaru.
  2500 | D:2      | Noticed Terence
  2531 | D:2      | Killed Terence
  2532 | D:2      | Reached XP level 5. HP: 17/41 MP: 6/6
  3242 | D:2      | Noticed Natasha
  3250 | D:2      | Killed Natasha
  3251 | D:2      | Reached skill level 5 in Unarmed Combat
  3849 | D:3      | Found Atovvoes's Armour Emporium.
  4049 | D:3      | Gained mutation: You have very sharp fingernails. [demonic
                  | ancestry]
  4049 | D:3      | Reached XP level 6. HP: 46/47 MP: 5/7
  4250 | D:3      | Reached skill level 6 in Unarmed Combat
  4421 | D:3      | You pick up a book of Geomancy and begin reading...
  4421 | D:3      | You add the spells Sandblast, Passwall and Stone Arrow to
                  | your library.
  4896 | D:4      | Noticed Blork the orc
  4921 | D:4      | HP: 6/47 [Blork the orc/puff of flame (9)]
  4921 | D:4      | Killed from afar by Blork the orc

Vanquished Creatures
  A bullfrog (D:4)
  A scorpion (D:4)
  A howler monkey (D:3)
  A hound (D:3)
  Natasha (twice) (D:2)
  Terence (D:2)
  Robin (D:2)
  4 gnolls
  6 adders
  A worm (D:2)
  4 dart slugs
  2 orcs
  4 ball pythons
  5 endoplasms
  A giant cockroach (D:3)
  9 goblins
  6 hobgoblins
  3 quokkas
  6 bats
  3 frilled lizards
  9 kobolds
  4 rats
75 creatures vanquished.

Table legend:
 A = Non-vault XP
 B = Vault XP
 C = Vault XP percentage of total XP
 D = Non-vault monster count
 E = Vault monster count
 F = Vault count percentage of total count
                 A         B        C        D         E       F
            +---------+---------+-------+---------+---------+-------
      Total |     474 |     168 |  26.2 |      48 |      27 |  36.0
            +---------+---------+-------+---------+---------+-------
        D:1 |      36 |      12 |  25.0 |      14 |       6 |  30.0
        D:2 |      97 |      99 |  50.5 |      15 |       9 |  37.5
        D:3 |     160 |      57 |  26.3 |      15 |      12 |  44.4
        D:4 |     181 |       0 |   0.0 |       4 |       0 |   0.0
            +---------+---------+-------+---------+---------+-------

Illustrated notes

Table legend:
 A = Kills in this place as a percentage of kills in entire the game.
 B = Kills by you in this place as a percentage of kills by you in the entire game.
 C = Kills by friends in this place as a percentage of kills by friends in the entire game.
 D = Other kills in this place as a percentage of other kills in the entire game.
 E = Experience gained in this place as a percentage of experience gained in the entire game.
 F = Experience gained in this place divided by the number of levels of this place that you have seen.
                   A       B       C       D       E      F
               +-------+-------+-------+-------+-------+----------------------
         Total | 100.0 | 100.0 |   N/A |   N/A | 100.0 | 128.4
       Dungeon | 100.0 | 100.0 |   N/A |   N/A | 100.0 | 160.5
               +-------+-------+-------+-------+-------+----------------------

Table legend: (Time is in decaauts)
 A = Elapsed time spent in this place.
 B = Non-inter-level travel time spent in this place.
 C = Inter-level travel time spent in this place.
 D = Time resting spent in this place.
 E = Time spent auto-exploring this place.
 F = Levels seen in this place.
 G = Mean time per level.
                   A        B        C        D        E       F      G
               +--------+--------+--------+--------+--------+-----+--------+
         Total |   4907 |   4835 |     72 |    698 |   3440 |   5 |  981.4 |
       Dungeon |   4867 |   4795 |     72 |    698 |   3409 |   4 | 1216.8 |
         Abyss |     40 |     40 |      0 |      0 |     31 |   1 |   40.0 |
               +--------+--------+--------+--------+--------+-----+--------+

Top non-repeatable levels by time:
     D:2: 2199 daAuts
     D:1: 1339 daAuts
     D:3: 927 daAuts
     D:4: 401 daAuts
 Abyss:1: 40 daAuts
